 Dungeon Crawl Stone Soup version 0.29.1-12-g30fa7ad0bf (webtiles) character file.

Game seed: 5021732864558052127

424 dweek the Cudgeller (level 6, -5/61 HPs)
             Began as a Troll Fighter on Dec 22, 2022.
             Slain by TrebMcFLY's ghost (14 damage)
             ... on level 4 of the Dungeon.
             The game lasted 00:06:48 (3195 turns).

dweek the Cudgeller (Troll Fighter)                 Turns: 3195, Time: 00:06:48

Health: -5/61      AC:  4    Str: 25    XL:     6   Next: 64%
Magic:  5/5        EV:  9    Int:  4    God:
Gold:   123        SH: 10    Dex: 11    Spells: 5/5 levels left

rFire   . . .      SeeInvis .   a - +0 flail
rCold   . . .      Faith    .   c - +2 kite shield
rNeg    . . .      Spirit   .   b - +0 robe
rPois   .          Reflect  .   (helmet restricted)
rElec   .          Harm     .   (no cloak)
rCorr   .          Rampage  .   (gloves unavailable)
Will    .....                   (boots unavailable)
Stlth   +.........              (no amulet)
HPRegen 1.00/turn               (no ring)
MPRegen 0.09/turn               (no ring)

@: lethally poisoned (-5 -> -6)
A: large, unfitting armour, claws 3, regeneration 1, shaggy fur 1, tough skin 1,
MP-powered wands
a: no special abilities


You were on level 4 of the Dungeon.
You visited 1 branch of the dungeon, and saw 4 of its levels.

You collected 123 gold pieces.

Inventory:

Hand Weapons
 a - a +0 flail (weapon)
Armour
 b - a +0 robe (worn)
 c - a +2 kite shield (worn)
Jewellery
 h - a ring of fire
Scrolls
 i - 2 scrolls of teleportation
 m - a scroll of fear {unknown}
Potions
 d - a potion of lignification {unknown}
 e - a potion of cancellation {unknown}
 f - 2 potions of curing
 g - a potion of attraction {unknown}
 j - a potion of invisibility {unknown}
 k - a potion of degeneration {unknown}
 l - a potion of flight
 o - a potion of haste


   Skills:
 + Level 3.3 Fighting
 + Level 4.3 Maces & Flails
 + Level 3.3 Dodging
 + Level 0.7 Stealth
 + Level 3.8 Shields


You had 5 spell levels left.
You didn't know any spells.
Your spell library contained the following spells:

 Spells                   Type           Power      Damage    Failure   Level
 Summon Small Mammal      Summ           0%         N/A       80%         1
 Call Canine Familiar     Summ           0%         N/A       99%         3
 Summon Guardian Golem    Hex/Summ       0%         N/A       99%         3
 Freezing Cloud           Conj/Ice/Air   0%         6-21      100%        5
 Simulacrum               Ice/Necr       0%         N/A       100%        6
 Polar Vortex             Ice            0%         N/A       100%        9


Dungeon Overview and Level Annotations

Branches:
Dungeon (4/15)
 Temple: D:4-7

Altars:
Elyvilon

Annotations:
D:4 TrebMcFLY's ghost, amateur FoFi


Innate Abilities, Weirdness & Mutations

You are too large for most types of armour.
You have claws for hands.
Your natural rate of healing is unusually fast.
You are covered in fur. (AC +1)
You have tough skin. (AC +1)
You expend magic power (3 MP) to strengthen your wands.


Message History

You barely miss the kobold brigand.
The kobold brigand is moderately wounded.
You feel very sick. You block the kobold brigand's attack.
You closely miss the kobold brigand.
The kobold brigand is moderately wounded.
You feel sick.
The kobold brigand hits you with a +1 short sword of venom!
You sock the kobold brigand!
The kobold brigand is severely wounded.
You feel sick.
The kobold brigand hits you but does no damage.
You are more poisoned.
The kobold brigand barely misses you.
You closely miss the kobold brigand.
The kobold brigand is severely wounded.
You feel very sick.
The kobold brigand hits you but does no damage.
You are more poisoned.
You miss the kobold brigand.
The kobold brigand is severely wounded.
You feel very sick. You block the kobold brigand's attack.
You feel better. You block the kobold brigand's attack.
You sock the kobold brigand!
You kill the kobold brigand!
TrebMcFLY's ghost says, "Try not to bleed too much."
The kobold throws a poisoned dart.
The poisoned dart hits you!
You are poisoned.
You sock the kobold!
You kill the kobold!
You feel sick.
You feel sick. TrebMcFLY's ghost misses you.
Items here: ( )) †.
You barely miss TrebMcFLY's ghost.
You feel sick. TrebMcFLY's ghost hits you!!
* * * LOW HITPOINT WARNING * * *
You hit TrebMcFLY's ghost.
TrebMcFLY's ghost is lightly damaged.
You feel sick. TrebMcFLY's ghost hits you!
You die...

#####......... ##.8.##.#######
#####.....#†# #..#$.###.'.##
#### #..#|.....KK.#.#####..# #
#..#..###.'..#.#......##.#
#..##.....#K.#...#......
###...##.8.##KK###.#.##.#
#.'....#####.KKW@.......#
#.#...........####.#.#..#
#'#...........####.#.......
................#............
.<.#.#####....#.#.#.......#...
...#.# ##...#.#.########..#.
.#.#.# #...#.#.# .## .#.#.#
#...#.#.# . ##.#.# #...#.#.#


You could see TrebMcFLY's ghost and 5 kobolds.

Vanquished Creatures
  Grinder (D:3)
  A kobold brigand (D:4)
  An iguana (D:4)
  Natasha (D:4)
  3 adders
  2 worms
  3 dart slugs
  6 orcs (D:3)
  6 ball pythons
  10 bats
  4 endoplasms
  3 giant cockroaches
  3 goblins
  8 hobgoblins
  8 jackals (D:1)
  6 kobolds
  2 frilled lizards
  2 rats
70 creatures vanquished.

Vanquished Creatures (others)
  A fungus (D:4)
  3 plants (D:4)
4 creatures vanquished.

Grand Total: 74 creatures vanquished

Notes
Turn   | Place    | Note
-------+----------+-------------------------------------------
     0 | D:1      | dweek the Troll Fighter began the quest for the Orb.
     0 | D:1      | Reached XP level 1. HP: 22/22 MP: 0/0
   443 | D:1      | Reached XP level 2. HP: 29/29 MP: 1/1
   583 | D:1      | Reached skill level 2 in Maces & Flails
   879 | D:2      | Reached XP level 3. HP: 36/36 MP: 2/2
  1295 | D:2      | Reached XP level 4. HP: 36/44 MP: 3/3
  1635 | D:2      | Gained mutation: Your magical capacity is low. (-10% MP)
                  | [potion of mutation]
  1635 | D:2      | Gained mutation: You occasionally lose the ability to drink
                  | potions when taking damage. [potion of mutation]
  1635 | D:2      | Gained mutation: You have a pair of small horns on your
                  | head. [potion of mutation]
  1635 | D:2      | Gained mutation: You are partially covered in iridescent
                  | scales. (AC +2) [potion of mutation]
  1636 | D:2      | Lost mutation: You have a pair of small horns on your head.
                  | [potion of mutation]
  1636 | D:2      | Lost mutation: You occasionally lose the ability to drink
                  | potions when taking damage. [potion of mutation]
  1636 | D:2      | Lost mutation: You are partially covered in iridescent
                  | scales. (AC +2) [potion of mutation]
  1636 | D:2      | Lost mutation: Your magical capacity is low. (-10% MP)
                  | [potion of mutation]
  1636 | D:2      | Gained mutation: You expend magic power (3 MP) to
                  | strengthen your wands. [potion of mutation]
  1790 | D:3      | Found a white marble altar of Elyvilon.
  1835 | D:3      | Reached skill level 3 in Maces & Flails
  1913 | D:3      | Noticed Grinder
  1932 | D:3      | Paralysed by Grinder for 2 turns
  1935 | D:3      | Killed Grinder
  1936 | D:3      | Reached XP level 5. HP: 46/53 MP: 4/4
  1936 | D:3      | Reached XP level 6. HP: 53/61 MP: 5/5
  2135 | D:3      | Found a faded altar of an unknown god.
  2397 | D:3      | Reached skill level 4 in Maces & Flails
  2963 | D:4      | Found a runed translucent gate.
  2963 | D:4      | Found a runed translucent gate.
  2963 | D:4      | Found a runed translucent gate.
  2967 | D:4      | Noticed TrebMcFLY's ghost (amateur FoFi)
  2972 | D:4      | Noticed Natasha
  2995 | D:4      | Killed Natasha
  3195 | D:4      | Slain by TrebMcFLY's ghost

Illustrated notes

Levels and vault maps discovered:
D:1:      amcnicky_arrival_wind_blow, layout_basic,
          hangedman_abyss_or_decor_lesser_grid, minmay_misc_feat_rugged
D:2:      layout_loops_cross
D:3:      layout_basic, mainiacjoe_overflow_concentric_impassable,
          serial_co_window_serial, co_window_corner_a, co_window_corner_a,
          co_window_corner_a, co_window_corner_a, co_window_paths_b,
          co_window_corner_a, co_window_paths_a, co_window_corner_b,
          co_window_unsneaky_path_c, co_window_of_opportunity_c,
          co_window_2corner, co_window_paths_c, co_window_sun, glass_columns_a,
          glass_columns_a, glass_columns_b,
          dreamdust_ecumenical_altar_angels_and_demons, uniq_grinder
D:4:      layout_basic, gammafunk_ghost_nasty_kobolds, serial_co_window_serial,
          co_window_of_opportunity_a, co_window_paths_a, co_window_paths_b,
          co_window_paths_b, co_window_paths_a, co_window_corner_a,
          co_window_paths_a, co_window_of_opportunity_c, co_window_corner_cb,
          co_window_broadway_a, co_window_2corner, co_window_broadway_b,
          co_window_paths_c, co_window_corner_ca, glass_columns_a,
          glass_columns_a, glass_columns_c, cheibrodos_gnoll_hut, uniq_natasha,
          uniq_menkaure, uniq_sigmund

Skill      XL: |  1  2  3  4  5  6 |
---------------+-------------------+-----
Shields        | 3 |  3.8
Maces & Flails | 2 3 4 |  4.3
Fighting       | 3 |  3.3
Dodging        | 3 |  3.3
Stealth        | |  0.7

Action                   |  1- 3 |  4- 6 || total
-------------------------+-------+-------++-------
Melee: Flail             |   137 |   125 ||   262
  Use: Scroll            |       |    10 ||    10
       Potion            |       |     6 ||     6
 Stab: Sleeping          |       |     2 ||     2
Armor: Robe              |    66 |    33 ||    99
Dodge: Dodged            |    70 |    51 ||   121
Block: Kite shield       |    79 |    70 ||   149
